 Dungeon Crawl Stone Soup version 0.28-a0-1152-g9c71ebef14 (webtiles) character file.

Game seed: 10895187541664370397

67253 spaghetti the Slayer (level 15, -18/199 (205) HPs)
             Began as an Ogre Delver on Dec 14, 2021.
             Was an Initiate of Gozag.
             Demolished by a death knight (27 damage)
             ... on level 15 of the Dungeon.
             The game lasted 01:07:03 (42219 turns).

spaghetti the Slayer (Ogre Delver)                 Turns: 42219, Time: 01:07:03

HP:   -18/199 (205) AC: 10    Str: 21    XL:     15   Next: 22%
MP:   15/15         EV: 17    Int: 17    God:    Gozag
Gold: 108           SH:  0    Dex: 18    Spells: 14/14 levels left

rFire   + . .      SeeInvis .   K - +2 quarterstaff (spect) {staff}
rCold   + . .      Faith    .   (shield currently unavailable)
rNeg    . . .      Spirit   .   g - +0 robe "Xudum" {rPois Str+3}
rPois   +          Reflect  .   W - +2 hat
rElec   +          Harm     .   O - +0 cloak
rCorr   +          Rampage  .   (gloves unavailable)
Will    +....                   (boots unavailable)
Stlth   +++.......              (no amulet)
HPRegen 0.43/turn               A - +4 ring of protection
MPRegen 0.14/turn               w - +6 ring of dexterity

@: mighty, resistant, marked, gold aura, on berserk cooldown, hasted, lightly
drained, very quick
A: large, unfitting armour, tough skin 1, agile 1, poison resistance, weak 1
a: Renounce Religion, Potion Petition, Call Merchant, Bribe Branch


You were on level 15 of the Dungeon.
You worshipped Gozag.
Gozag was aware of your devotion.
You visited 4 branches of the dungeon, and saw 24 of its levels.

You collected 6309 gold pieces.
You spent 648 gold pieces at shops.
You paid 5553 gold pieces to Gozag.


Innate Abilities, Weirdness & Mutations

You are too large for most types of armour.
You have tough skin. (AC +1)
You are agile. (Dex +2)
Your system is resistant to poisons. (rPois)
You are weak. (Str -2)


   Skills:
 + Level 26.5 Fighting
 - Level 1.7 Maces & Flails
 + Level 11.9 Throwing
 - Level 12.7 Dodging
 - Level 3.7 Stealth


You had 14 spell levels left.
You didn't know any spells.
Your spell library contained the following spells:

 Spells                   Type           Power      Damage    Failure   Level
 Animate Skeleton         Necr           0%         N/A       24%         1
 Apportation              Tloc           0%         N/A       24%         1
 Freeze                   Ice            0%         1d3       24%         1
 Pain                     Necr           0%         1d4       24%         1
 Summon Small Mammal      Summ           0%         N/A       24%         1
 Call Canine Familiar     Summ           0%         N/A       56%         3
 Frozen Ramparts          Ice            0%         1d2       56%         3
 Summon Guardian Golem    Hex/Summ       0%         N/A       56%         3
 Vampiric Draining        Necr           0%         2d6       56%         3
 Hailstorm                Conj/Ice       0%         3d3       93%         4
 Leda's Liquefaction      Hex/Erth       0%         N/A       93%         4
 Passage of Golubria      Tloc           0%         N/A       93%         4
 Summon Ice Beast         Ice/Summ       0%         N/A       93%         4
 Alistair's Intoxication  Tmut/Pois      0%         N/A       100%        5
 Lee's Rapid Deconstruct  Erth           0%         3d5*      100%        5
 Silence                  Hex/Air        0%         N/A       100%        5
 Summon Mana Viper        Hex/Summ       0%         N/A       100%        5
 Statue Form              Tmut/Erth      0%         N/A       100%        6
 Monstrous Menagerie      Summ           0%         N/A       100%        7
 Lehudib's Crystal Spear  Conj/Erth      0%         10d2      100%        8

Inventory:

Hand Weapons
 x - the +12 rapier of Ecwawk {antimagic, rPois Will+ Str+6 Int+2, short}
   (You found it on level 12 of the Dungeon)

   It reduces the magical energy of the wielder, and disrupts the spells and
   magical abilities of those it strikes.
   Natural abilities and divine invocations are not affected.
   Str:       It affects your strength (+6).
   Int:       It affects your intelligence (+2).
   rPois:     It protects you from poison.
   Will:      It increases your willpower.
 K - a +2 spectral quarterstaff (weapon) {staff}
   (You found it on level 10 of the Dungeon)
 N - a +0 vorpal giant spiked club {mace}
   (You took it off a two-headed ogre on level 11 of the Dungeon)
Missiles
 d - 471 stones {throwing}
 e - 4 large rocks {=fthrowing}
 i - 2 curare-tipped darts {=fthrowing}
 m - 68 arrows
 s - 73 poisoned darts (quivered) {throwing}
 E - 28 boomerangs {throwing}
 J - 6 atropa-tipped darts {throwing}
Armour
 g - the +0 robe "Xudum" (worn) {rPois Str+3}
   (You found it on level 14 of the Dungeon)

   Str:       It affects your strength (+3).
   rPois:     It protects you from poison.
 y - a +1 hat
   (You found it on level 15 of the Dungeon)
 O - a +0 cloak (worn)
   (You took it off Maurice on level 2 of the Orcish Mines)
 W - a +2 hat (worn)
   (You took it off Gastronok on level 2 of the Lair of Beasts)
Jewellery
 a - a ring of positive energy
   (You found it on level 13 of the Dungeon)
 h - an amulet of regeneration {@e2}
   (You found it on level 4 of the Dungeon)
 n - a ring of protection from cold
   (You found it on level 1 of the Dungeon)
 o - a +6 ring of intelligence
   (You found it on level 1 of the Dungeon)
 p - an amulet of magic regeneration {@e2}
   (You found it on level 12 of the Dungeon)
 w - a +6 ring of dexterity (right hand)
   (You found it on level 5 of the Dungeon)
 A - a +4 ring of protection (left hand)
   (You found it on level 10 of the Dungeon)
 T - a ring of resist corrosion
   (You found it on level 1 of the Lair of Beasts)
 U - a ring of see invisible
   (You found it on level 1 of the Lair of Beasts)
Wands
 M - a wand of flame (9)
   (You found it on level 3 of the Lair of Beasts)
Scrolls
 k - 3 scrolls of enchant weapon
 l - 4 scrolls of magic mapping {!r}
 q - 3 scrolls of vulnerability {!r!r}
 G - 3 scrolls of identify {@r1}
 I - 2 scrolls of torment {!r}
 L - 4 scrolls of enchant armour
 X - 2 scrolls of fog
 Z - a scroll of immolation {!r!r}
Potions
 j - 3 potions of attraction {!q}
 r - a potion of flight
 t - 5 potions of mutation {!q}
 u - a potion of resistance
 v - a potion of cancellation
 z - 13 potions of curing {@q1}
 D - 6 potions of lignification {!q}
 H - 4 potions of brilliance
 Q - a potion of might
Miscellaneous
 b - a box of beasts (inert)
   (You found it on level 3 of the Lair of Beasts)
 F - a phial of floods (inert)
   (You found it on level 11 of the Dungeon)

Dungeon Overview and Level Annotations

Branches:
Dungeon (15/15) Temple (1/1) D:4 Lair (6/6) D:8 Spider (0/4) Lair:4 Slime (0/5) Lair:5 Orc (2/2) D:12 Elf (0/3) Orc:1 Orc:2 Vaults (0/5) D:14 Swamp: Lair:2-4 Shoals: Lair:2-4 Depths: D:15

Altars:
Ashenzari
Cheibriados
Dithmenos
Fedhas
Gozag
Hepliaklqana
Kikubaaqudgha
Makhleb
Qazlal
Ru
Sif Muna
Trog
Uskayaw
Vehumet
Wu Jian
Xom
Zin
The Shining One
Beogh
Jiyva

Shops:
Orc:1 :   Orc:2 !**!

Annotations:
D:3 1 exclusion
D:4 2 transporters
D:5 exclusion: door
D:6 3 runed translucent doors, 1 exclusion, KennySheep's ghost, novice DECj
D:7 exclusion: door
D:11 2 runed translucent doors, exclusion: orange crystal statue
Lair:2 3 runed translucent doors, dolemite99's ghost, journeyman DsGl
Lair:4 2 exclusions
Lair:6 Sonja #○○.# #.o.# #..o...# #####.o..###.# #.)o.Co... .. #QWoCl.o...

. #cQQpE......
#usWeDo......
#@puWHo.......
#########


You could see a death knight, a five-headed hydra, 2 orc knights, 2 ugly things,
an ettin, 3 tengu warriors, a wolf spider, a manticore, a cyclops, a yaktaur, 2
freezing wraiths, a deep elf pyromancer, a necromancer, a basilisk, a fire
elemental (summoned), a wraith, 2 orc warriors and 5 orcs.


Message History

The yaktaur is distracted by your dazzling golden aura.
The wolf spider hits you but does no damage.
The wolf spider bites you but does no damage.
The green ugly thing gurgles horribly! 😨 HP[-1]
You take 1 damage, and now have 79/298 hp.
Unknown command.
Unknown command.
Unknown command.
You cannot move. (Use ctrl+direction or * direction to attack without moving.)
The yaktaur shouts!
You bludgeon the death knight!!
You feel yourself speed up.
You feel very sick.
The tengu warrior is no longer distracted by gold.
The orc is no longer distracted by gold.
The tengu warrior is distracted by your dazzling golden aura.
The death knight hits you with a +0 battleaxe!
* * * LOW HITPOINT WARNING * * *
The wolf spider hits you!
* * * LOW HITPOINT WARNING * * *
The wolf spider bites you but does no damage.
The deep elf pyromancer mumbles some strange words.
The death knight hits you with a +0 battleaxe!
* * * LOW HITPOINT WARNING * * *
The wolf spider hits you.
* * * LOW HITPOINT WARNING * * *
The wolf spider bites you but does no damage. 😱 HP[-32]
You take 32 damage, and now have 47/298 hp.
You barely miss the wolf spider.
You feel sick.
The five-headed hydra is distracted by your dazzling golden aura.
The deep elf pyromancer gestures wildly while chanting.
The deep elf pyromancer blinks!
The wolf spider hits you but does no damage.
The wolf spider bites you but does no damage.
The death knight hits you but does no damage.
The five-headed hydra roars! 😱 HP[+2]
You regained 2 hp, and now have 49/298 hp.
You attack the rock wall.
You feel less wooden.
Your +0 cloak unmelds from your body.
Your +2 hat unmelds from your body.
The +0 robe "Xudum" {rPois Str+3} unmelds from your body.
You feel sick.
The yaktaur is no longer distracted by gold.
An orc comes into view. It is wielding a +0 short sword.
The freezing wraith is distracted by your dazzling golden aura.
The wolf spider hits you.
* * * LOW HITPOINT WARNING * * *
The wolf spider misses you.
The wraith is distracted by your dazzling golden aura.
The tengu warrior is distracted by your dazzling golden aura. 😱 HP[-14]
You now have 199 max hp (-99).
Unknown command.
Unknown command.
Unknown command.
You are too confused!
You feel better.
You feel less invigorated. The death knight barely misses you.
The wolf spider barely misses you. The wolf spider bites you.
* * * LOW HITPOINT WARNING * * *
😱 HP[+5]
You regained 5 hp, and now have 40/199 hp.
Okay, then.
Unknown command.
Okay, then.
Okay, then.
Okay, then.
Okay, then.
Okay, then.
The tengu warrior shouts!
You hit the death knight. The wolf spider misses you.
The wolf spider barely misses you.
The death knight invokes the aid of Yredelemnul against you.
Your body is wracked with pain!
* * * LOW HITPOINT WARNING * * *
😱 HP[-19]
You take 19 damage, and now have 21/199 hp.
Unknown command.
Unknown command.
Unknown command.
Okay, then.
Unknown command.
Okay, then.
Okay, then.
This spell is impossible to cast!
Memorise Alistair's Intoxication, consuming 5 spell levels and leaving 9?
The tengu warrior is no longer distracted by gold.
The green ugly thing is no longer distracted by gold.
The five-headed hydra is no longer distracted by gold.
The wolf spider misses you. The wolf spider bites you.
Your memorisation is interrupted.
* * * LOW HITPOINT WARNING * * *
The green ugly thing gores you!
* * * LOW HITPOINT WARNING * * *
An orc comes into view. It is wielding a +0 short sword.
The death knight hits you with a +0 battleaxe!!
You die...
Your body crumbles into a pile of gold.

Skill      XL: |  1  2  3  4  5  6  7  8  9 10 11 12 13 14 |
---------------+-------------------------------------------+-----
Fighting       | 5 6 7 9 11 13 15 18 22 24 26 | 26.5
Throwing       | 2 3 4 6 7 11 | 11.9
Dodging        | 4 8 11 12 | 12.7
Maces & Flails | |  1.7
Stealth        | |  3.7

Action                   |  1- 3 |  4- 6 |  7- 9 | 10-12 | 13-15 || total
-------------------------+-------+-------+-------+-------+-------++-------
Melee: Mace              |     1 |   221 |   494 |   373 |       ||  1089
       Quarterstaff      |       |       |       |   318 |   855 ||  1173
Throw: Dart              |     5 |    19 |    34 |    64 |   100 ||   222
       Stone             |       |     1 |     4 |       |       ||     5
       Boomerang         |       |       |     2 |     1 |     3 ||     6
       Large rock        |       |       |       |       |     6 ||     6
Invok: Potion Petition   |       |       |       |     3 |    10 ||    13
Evoke: Wand              |       |       |     3 |    13 |    11 ||    27
       Phial of floods   |       |       |       |     2 |     3 ||     5
       Box of beasts     |       |       |       |       |     2 ||     2
  Use: Scroll            |     5 |     5 |    10 |    12 |     8 ||    40
       Potion            |       |     3 |     9 |     8 |     9 ||    29
 Stab: Sleeping          |       |    16 |     9 |     4 |    10 ||    39
       Distracted        |       |       |     1 |    12 |    13 ||    26
       Petrified         |       |       |       |     1 |       ||     1
Armor: Robe              |     3 |    91 |   261 |   265 |   341 ||   961
       Skin              |       |       |    41 |       |    56 ||    97
Dodge: Dodged            |     2 |   123 |   369 |   692 |   940 ||  2126

Levels and vault maps discovered:
D:1:      dpeg_arrival_ratfight, layout_basic, basic_ecumenical_altar,
          solitary_fountain
D:2:      layout_basic, basic_altar, minmay_vboxes
D:3:      layout_basic, kennysheep_okawaru_gauntlet, wad_woods_river_04
D:4:      layout_loops_ring, xom_teletrap_fun, minmay_temple_entry_from_below_a,
          gammafunk_ghost_gnarly_gnolls
D:5:      layout_gridville, lightli_church_of_beogh, uniq_eustachio,
          uniq_prince_ribbit1
D:6:      layout_basic, chequers_temple_overflow_minitemple,
          gammafunk_ghost_necromancy, nicolae_elevator_lobby_plus
D:7:      layout_gridville, kennysheep_minor_cross, grunt_decor_clamped
D:8:      layout_loops_corners, erik_lair_dragon
D:9:      layout_gridville, mainiacjoe_overflow_big_doors,
          mainiacjoe_overflow_24_doors
D:10:     layout_basic
D:11:     due_chaos_kobolds, layout_layer_cave, serial_undead, serial_undead_b,
          serial_undead_d, serial_undead_f, serial_undead_b, serial_undead_e,
          serial_undead_e
D:12:     layout_small_grid, hiddenorc1_lemuel, uniq_nessos
D:13:     layout_basic, gauntlet_entry_generic
D:14:     layout_irregular_city, erik_vaults_1, serial_column_ruins,
          column_ruins_open_tiny, column_ruins_corridor_straight,
          column_ruins_grid_2, column_ruins_open_tiny,
          column_ruins_corridor_straight, column_ruins_open_tiny, uniq_frances
D:15:     hangedman_depths_entry_civil_slaughter, layout_rooms,
          nicolae_ru_sacrificial_ziggurat
Temple:   nicolae_temple_figure_eight
Lair:1:   statuecave_lemuel, layout_chaotic_city
Lair:2:   layout_regular_city, gammafunk_ghost_hydra_chop, lemuel_fruit_fields,
          uniq_gastronok
Lair:3:   layout_layer_cave, basic_altar, grunt_megastairs_4
Lair:4:   layout_hall_layers, palyth_hydra_swamp_entry, spider_nest_entry_a,
          portal_ice_cave_entry_imps, grunt_megastairs_1
Lair:5:   layout_long_grid, dpeg_slime_entry_enclosed_altar,
          chequers_serial_rivers_micro_b, st_stairs_13, columned_hall_lemuel,
          cheibrodos_lair_lostbears, uniq_snorg
Lair:6:   due_jungle_book, layout_regular_city, gammafunk_ghost_hive,
          grunt_megastairs_2, uniq_sonja
Orc:1:    layout_caves, serial_shops, shop, mines_bat_river
Orc:2:    st_orc_elflike, layout_caves, mines5_lemuel, uniq_maurice

Notes
Turn   | Place    | Note
-------+----------+-------------------------------------------
     0 | D:5      | spaghetti the Ogre Delver began the quest for the Orb.
     0 | D:5      | Reached XP level 1. HP: 24/24 MP: 1/1
     0 | D:5      | magus.rc [v1.9.6]
    62 | D:6      | Noticed an iguana
    88 | D:5      | Noticed an ice beast
   132 | D:4      | Noticed a jelly
   140 | D:4      | HP: 2/24 [ice beast (9)]
   425 | D:4      | Noticed an ogre
   558 | D:4      | Killed an ogre
   559 | D:4      | Reached skill level 5 in Fighting
   559 | D:4      | Reached skill level 2 in Throwing
   559 | D:4      | Reached XP level 2. HP: 35/35 MP: 2/2
   559 | D:4      | Reached XP level 3. HP: 42/42 MP: 3/3
   559 | D:4      | Reached XP level 4. HP: 50/50 MP: 4/4
   594 | D:4      | You pick up a book of Party Tricks and begin reading...
   594 | D:4      | You add the spells Apportation and Alistair's Intoxication
                  | to your library.
   618 | D:4      | Found a shimmering altar of Xom.
   620 | D:4      | Noticed a scorpion
   630 | D:4      | Killed a scorpion
   631 | D:4      | Reached skill level 6 in Fighting
   631 | D:4      | Reached skill level 3 in Throwing
   631 | D:4      | Reached XP level 5. HP: 46/59 MP: 5/5
   844 | D:4      | Killed an ice beast
   845 | D:4      | Reached XP level 6. HP: 68/68 MP: 6/6
   865 | D:4      | Reached skill level 4 in Throwing
   950 | D:2      | Reached skill level 7 in Fighting
  1082 | D:2      | Found a stormy altar of Qazlal.
  1329 | D:1      | Found a faded altar of an unknown god.
  1374 | D:1      | You pick up a book of Necromancy and begin reading...
  1374 | D:1      | You add the spells Pain, Animate Skeleton and Vampiric
                  | Draining to your library.
  1485 | D:1      | You fall into a shaft and drop 1 floor!
  2873 | D:3      | You pick up a book of the Earth and begin reading...
  2873 | D:3      | You add the spells Leda's Liquefaction, Lee's Rapid
                  | Deconstruction and Statue Form to your library.
  3759 | D:4      | Reached XP level 7. HP: 72/74 MP: 7/7
  3789 | D:4      | Found a transporter.
  3848 | D:4      | Found a transporter.
  3986 | D:4      | Found a staircase to the Ecumenical Temple.
  4136 | D:5      | Noticed Prince Ribbit
  4143 | D:5      | Reached skill level 5 in Throwing
  4145 | D:5      | Reached skill level 8 in Fighting
  4213 | D:5      | Killed Prince Ribbit
  4315 | D:5      | Reached skill level 9 in Fighting
  4315 | D:5      | Reached skill level 6 in Throwing
  4344 | D:5      | Reached XP level 8. HP: 92/92 MP: 8/8
  4483 | D:5      | Reached skill level 2 in Dodging
  4523 | D:5      | Noticed Eustachio
  4551 | D:5      | Killed Eustachio
  4552 | D:5      | Reached skill level 10 in Fighting
  4552 | D:5      | Reached skill level 3 in Dodging
  4633 | D:5      | Found a runed translucent door.
  4985 | D:5      | HP: 23/94 [orc warrior (9)]
  5262 | D:6      | Found a runed translucent gate.
  5271 | D:6      | Reached skill level 4 in Dodging
  5309 | D:6      | Found a runed translucent gate.
  5309 | D:6      | Found a runed translucent gate.
  5354 | D:6      | Noticed KennySheep's ghost (novice DECj)
  5443 | D:5      | Reached skill level 11 in Fighting
  5631 | D:6      | Reached XP level 9. HP: 96/105 MP: 9/9
  5683 | D:6      | HP: 25/105 [scorpion (5)]
  5688 | D:6      | HP: 23/105 [poisoned by a scorpion]
  5799 | D:6      | Found a shadowy altar of Dithmenos.
  5799 | D:6      | Found a broken altar of Ashenzari.
  5807 | D:6      | Found a glowing silver altar of Zin.
  5809 | D:6      | Found a faded altar of an unknown god.
  5811 | D:6      | Found a glowing golden altar of the Shining One.
  5940 | D:6      | Reached skill level 5 in Dodging
  6463 | Temple   | Entered the Ecumenical Temple
  6616 | Temple   | Became a worshipper of Gozag Ym Sagoz the Greedy
  6833 | D:7      | Reached skill level 12 in Fighting
  7537 | D:7      | Identified a scroll of acquirement
  7537 | D:7      | Acquired a manual of Dodging
  7849 | D:7      | Reached skill level 6 in Dodging
  8225 | D:8      | Reached skill level 7 in Dodging
  8992 | D:7      | Reached skill level 13 in Fighting
  9136 | D:6      | Reached skill level 8 in Dodging
  9406 | D:7      | Reached XP level 10. HP: 86/119 MP: 10/10
 10434 | D:9      | Reached skill level 9 in Dodging
 10671 | D:9      | Found a bloodstained altar of Trog.
 11483 | D:8      | Reached skill level 14 in Fighting
 12253 | D:8      | You pick up a book of Cantrips and begin reading...
 12648 | D:8      | Reached skill level 10 in Dodging
 13044 | D:8      | HP: 19/110 [komodo dragon (26)]
 13455 | D:8      | Found a staircase to the Lair.
 14276 | D:9      | Noticed a two-headed ogre
 14285 | D:10     | Entered Level 10 of the Dungeon
 14670 | D:12     | Noticed a manticore
 14720 | D:10     | Noticed a two-headed ogre
 14732 | D:10     | Killed a two-headed ogre
 14733 | D:10     | Reached skill level 15 in Fighting
 14733 | D:10     | Reached skill level 11 in Dodging
 15164 | D:10     | Reached XP level 11. HP: 119/133 MP: 11/11
 15398 | D:10     | Noticed a catoblepas
 15413 | D:10     | HP: 31/133 [catoblepas (24)]
 15415 | D:10     | Killed a catoblepas
 15416 | D:10     | Reached skill level 12 in Dodging
 15416 | D:10     | You pick up a book of Callings and begin reading...
 15416 | D:10     | You add the spells Call Canine Familiar and Summon Guardian
                  | Golem to your library.
 16263 | D:11     | Reached skill level 16 in Fighting
 16749 | D:11     | Noticed a manticore
 16756 | D:11     | Killed a manticore
 17212 | D:11     | Noticed a two-headed ogre
 17217 | D:11     | Killed a two-headed ogre
 17218 | D:11     | Reached skill level 17 in Fighting
 17377 | D:11     | Found a large runed translucent door.
 17377 | D:11     | Found a large runed translucent door.
 17408 | D:11     | Found a shimmering altar of Xom.
 17408 | D:11     | Noticed a green ugly thing
 17408 | D:11     | Noticed a purple ugly thing
 17410 | D:11     | Noticed a red ugly thing
 17432 | D:11     | Noticed an orange crystal statue
 17519 | D:11     | Noticed a two-headed ogre
 17526 | D:11     | Killed a two-headed ogre
 17527 | D:11     | Reached skill level 18 in Fighting
 17755 | D:11     | Noticed a boulder beetle
 18044 | D:9      | Killed a two-headed ogre
 18268 | D:9      | Found a hide-covered altar of Uskayaw.
 18289 | D:9      | Found a snail-covered altar of Cheibriados.
 18509 | D:9      | Reached XP level 12. HP: 146/152 MP: 12/12
 18808 | D:12     | Killed a boulder beetle
 18809 | D:12     | Reached skill level 19 in Fighting
 19149 | D:12     | Noticed a boulder beetle
 19168 | D:12     | Killed a boulder beetle
 19786 | D:13     | Noticed a two-headed ogre
 19809 | D:13     | Killed a two-headed ogre
 19810 | D:13     | Reached skill level 20 in Fighting
 20213 | D:13     | Noticed a tengu warrior
 20228 | D:13     | HP: 34/157 [tengu warrior (20)]
 20237 | D:13     | HP: 34/157 [tengu warrior (19)]
 20238 | D:13     | Killed a tengu warrior
 21288 | D:12     | Noticed Nessos
 21500 | D:13     | Noticed a centaur warrior
 22172 | D:12     | Noticed a two-headed ogre
 22195 | D:12     | Noticed a two-headed ogre
 22201 | D:12     | Killed a two-headed ogre
 22202 | D:12     | Reached skill level 21 in Fighting
 22204 | D:12     | Killed a two-headed ogre
 22219 | D:12     | HP: 39/161 [Nessos (5)]
 22222 | D:12     | HP: 18/161 [Nessos/arrow (17)]
 22228 | D:12     | HP: 30/161 [Nessos/arrow (16)]
 22229 | D:12     | Killed Nessos
 22233 | D:12     | HP: 22/161 [poisoned by Nessos]
 22896 | D:12     | Noticed a four-headed hydra
 22906 | D:12     | Killed a four-headed hydra
 23050 | D:12     | Identified the +12 rapier of Ecwawk {antimagic, rPois Will+
                  | Str+6 Int+2}
 23403 | D:12     | Found a staircase to the Orcish Mines.
 23423 | Orc:1    | Entered Level 1 of the Orcish Mines
 23793 | Orc:1    | Reached skill level 22 in Fighting
 24100 | Orc:1    | Reached XP level 13. HP: 146/166 MP: 13/13
 24221 | Orc:1    | Found Vudietya's Book Emporium.
 24683 | Orc:2    | Entered Level 2 of the Orcish Mines
 24683 | Orc:2    | Found a staircase to the Elven Halls.
 25719 | Orc:2    | Noticed Maurice
 25742 | Orc:2    | Killed Maurice
 25834 | Orc:2    | Reached skill level 23 in Fighting
 26203 | Orc:2    | HP: 42/170 [poisoned by a chaos spawn]
 26208 | Orc:2    | HP: 36/170 [poisoned by a chaos spawn]
 26213 | Orc:2    | HP: 33/170 [poisoned by a chaos spawn]
 26239 | Orc:2    | HP: 48/259 [orc warrior (8)]
 27655 | Orc:2    | Found Xiapnoci's Distillery.
 27746 | Orc:2    | Found Muytipoh's Assorted Antiques.
 27755 | Orc:2    | Found Vyrawkay's General Store.
 27757 | Orc:2    | Found Qefikh's Distillery.
 27765 | Orc:2    | Bought a potion of mutation for 144 gold pieces
 27765 | Orc:2    | Bought a potion of ambrosia for 144 gold pieces
 27765 | Orc:2    | Bought a potion of heal wounds for 90 gold pieces
 27765 | Orc:2    | Bought a potion of mutation for 144 gold pieces
 27765 | Orc:2    | Bought a potion of might for 72 gold pieces
 27765 | Orc:2    | Bought a potion of curing for 54 gold pieces
 27765 | Orc:2    | Gained mutation: You are agile. (Dex +2) [potion of
                  | mutation]
 27765 | Orc:2    | Gained mutation: You are weak. (Str -2) [potion of
                  | mutation]
 27765 | Orc:2    | Gained mutation: Your system is resistant to poisons.
                  | (rPois) [potion of mutation]
 27815 | Orc:2    | Reached skill level 24 in Fighting
 28768 | D:8      | You pick up a book of Frost and begin reading...
 28768 | D:8      | You add the spells Freeze, Frozen Ramparts and Hailstorm to
                  | your library.
 28996 | Lair:1   | Entered Level 1 of the Lair of Beasts
 29814 | Lair:1   | Reached skill level 7 in Throwing
 30105 | Lair:2   | Found a runed translucent gate.
 30105 | Lair:2   | Found a runed translucent gate.
 30293 | Lair:2   | Noticed dolemite99's ghost (journeyman DsGl)
 30458 | Lair:2   | Found a runed translucent gate.
 30965 | Lair:2   | Noticed Gastronok
 31093 | Lair:2   | Killed Gastronok
 31649 | Lair:3   | Reached XP level 14. HP: 175/189 MP: 14/14
 31707 | Lair:3   | You pick up a book of Beasts and begin reading...
 31707 | Lair:3   | You add the spells Summon Ice Beast, Summon Mana Viper and
                  | Monstrous Menagerie to your library.
 31743 | Lair:3   | Reached skill level 8 in Throwing
 33011 | Lair:3   | Reached skill level 25 in Fighting
 33091 | Lair:3   | Found an ancient bone altar of Kikubaaqudgha.
 33301 | Lair:3   | Reached skill level 9 in Throwing
 34372 | Lair:3   | You pick up a book of the Moon and begin reading...
 34372 | Lair:3   | You add the spells Passage of Golubria, Silence and
                  | Lehudib's Crystal Spear to your library.
 35521 | Lair:4   | Found a hole to the Spider Nest.
 36101 | Lair:5   | Noticed Snorg
 36115 | Lair:5   | Reached skill level 10 in Throwing
 36151 | Lair:5   | Killed Snorg
 37249 | Lair:4   | HP: 39/193 [seven-headed hydra (13)]
 37256 | Lair:4   | HP: 30/193 [swamp worm/harpoon shot (7)]
 38308 | Lair:4   | HP: 42/193 [six-headed hydra (10)]
 38310 | Lair:4   | HP: 15/193 [six-headed hydra (13)]
 39823 | Lair:5   | Found a viscous altar of Jiyva.
 39824 | Lair:5   | Found a staircase to the Slime Pits.
 39971 | Lair:6   | Entered Level 6 of the Lair of Beasts
 40054 | Lair:6   | Reached skill level 26 in Fighting
 40054 | Lair:6   | Reached skill level 11 in Throwing
 40069 | Lair:6   | Noticed Sonja
 40734 | D:14     | Reached XP level 15. HP: 142/202 MP: 15/15
 40886 | D:14     | Found a gate to the Vaults.
 40907 | D:14     | HP: 46/204 [centaur warrior (8)]
 41271 | D:14     | Identified the +0 robe "Xudum" {rPois Str+3}
 41534 | D:14     | Noticed Frances
 41546 | D:14     | Killed Frances
 41850 | D:15     | Entered Level 15 of the Dungeon
 42115 | D:15     | Found a sacrificial altar of Ru.
 42136 | D:15     | HP: 48/205 [freezing wraith[a death knight] (8)]
 42207 | D:15     | HP: 72/298 [death knight (14)]
 42214 | D:15     | HP: 72/298 [death knight (8)]
 42216 | D:15     | HP: 35/199 [wolf spider (2)]
 42219 | D:15     | HP: 9/199 [green ugly thing (10)]
 42219 | D:15     | Demolished by a death knight

Vanquished Creatures
  Frances (D:14)
  Gastronok (Lair:2)
  Nessos (D:12)
  Snorg (Lair:5)
  9 hydras
  2 boulder beetles
  4 centaur warriors (D:14)
  A catoblepas (Lair:3)
  5 death yaks
  7 two-headed ogres
  A tengu warrior (D:13)
  3 orc high priests (Orc:2)
  A necromancer (D:15)
  4 orc knights (Orc:2)
  2 deep elf pyromancers (D:14)
  A cyclops (D:12)
  An ugly thing (D:12)
  7 orc sorcerers
  3 manticores
  3 black mambas
  3 centaur zombies
  Maurice (Orc:2)
  9 cane toads
  2 unseen horrors
  4 rime drakes
  10 komodo dragons
  3 jumping spiders
  A troll (D:9)
  6 polar bears
  11 blink frogs
  Prince Ribbit (D:5)
  A raiju (shapeshifter) (D:15)
  5 dream sheep (Lair:4)
  A redback (Lair:3)
  A vampire (D:14)
  3 wyverns
  A shadow (D:11)
  42 yaks
  A fire bat (shapeshifter) (D:15)
  4 wraiths
  4 steam dragons
  Eustachio (D:5)
  3 basilisks
  4 wargs
  3 swamp worms (Lair:4)
  2 acid dragons (D:12)
  14 water moccasins
  26 orc warriors
  2 ice beasts
  A sky beast (D:7)
  A hornet zombie (D:7)
  2 necrophages (D:11)
  A black bear (D:5)
  6 ogres
  14 wolves
  15 centaurs
  A phantom (D:5)
  A kobold brigand (D:8)
  A gnoll sergeant (D:8)
  11 bullfrogs
  3 scorpions
  11 howler monkeys
  10 wights
  An electric eel (D:7)
  2 jellies
  A hound (D:6)
  17 orc priests
  4 iguanas
  21 orc wizards
  7 hell rats (Lair:5)
  2 hound skeletons
  2 mummies (D:11)
  A howler monkey zombie (D:8)
  5 gnolls (D:8)
  5 adders
  A shadow imp (D:5)
  13 white imps
  An adder skeleton (D:4)
  5 dart slugs
  89 orcs
  9 bats
  4 endoplasms
  3 giant cockroaches (D:1)
  10 goblins
  6 hobgoblins
  2 jackals (D:5)
  15 kobolds
  2 quokkas
  9 ball pythons
  5 frilled lizards
  12 rats
  A butterfly (Lair:2)
560 creatures vanquished.

Vanquished Creatures (collateral kills)
  A boulder beetle (D:12)
  A catoblepas (D:10)
  A komodo dragon (D:8)
  A troll (D:12)
4 creatures vanquished.

Vanquished Creatures (others)
  2 dancing weapons (D:14)
  An ugly thing (D:15)
  An ufetubus (D:7)
  An orc (D:12)
  A goblin (D:2)
  13 fungi
  26 plants
  5 withered plants
50 creatures vanquished.

Grand Total: 614 creatures vanquished

Table legend:
 A = Non-vault XP
 B = Vault XP
 C = Vault XP percentage of total XP
 D = Non-vault monster count
 E = Vault monster count
 F = Vault count percentage of total count
                 A         B        C        D         E       F
            +---------+---------+-------+---------+---------+-------
      Total |   68953 |   27123 |  28.2 |     417 |     149 |  26.3
            +---------+---------+-------+---------+---------+-------
        D:1 |      53 |       5 |   8.6 |      32 |       5 |  13.5
        D:2 |      68 |      40 |  37.0 |      14 |       7 |  33.3
        D:3 |      52 |       0 |   0.0 |      16 |       0 |   0.0
        D:4 |     473 |       0 |   0.0 |      16 |       0 |   0.0
        D:5 |     575 |     902 |  61.1 |      14 |      25 |  64.1
        D:6 |     976 |       0 |   0.0 |      10 |       0 |   0.0
        D:7 |    1537 |       0 |   0.0 |      19 |       0 |   0.0
        D:8 |    1959 |    1259 |  39.1 |      46 |       5 |   9.8
        D:9 |    1683 |       0 |   0.0 |      17 |       0 |   0.0
       D:10 |    3150 |       0 |   0.0 |      12 |       0 |   0.0
       D:11 |    5316 |    1156 |  17.9 |      17 |      12 |  41.4
       D:12 |    8434 |    1278 |  13.2 |      24 |      18 |  42.9
       D:13 |    2564 |       0 |   0.0 |       6 |       0 |   0.0
       D:14 |    6431 |    3188 |  33.1 |      12 |       3 |  20.0
       D:15 |    1331 |     751 |  36.1 |       3 |       2 |  40.0
     Lair:1 |    4053 |       0 |   0.0 |      12 |       0 |   0.0
     Lair:2 |    6828 |    1481 |  17.8 |      20 |       1 |   4.8
     Lair:3 |    7809 |     994 |  11.3 |      25 |       4 |  13.8
     Lair:4 |    5380 |    3888 |  42.0 |      20 |      20 |  50.0
     Lair:5 |    4272 |    2493 |  36.9 |      27 |       6 |  18.2
     Lair:6 |    1739 |       0 |   0.0 |       5 |       0 |   0.0
      Orc:1 |    3002 |      10 |   0.3 |      34 |       5 |  12.8
      Orc:2 |    1268 |    9678 |  88.4 |      16 |      36 |  69.2
            +---------+---------+-------+---------+---------+-------

Illustrated notes

Table legend:
 A = Kills in this place as a percentage of kills in entire the game.
 B = Kills by you in this place as a percentage of kills by you in the entire game.
 C = Kills by friends in this place as a percentage of kills by friends in the entire game.
 D = Other kills in this place as a percentage of other kills in the entire game.
 E = Experience gained in this place as a percentage of experience gained in the entire game.
 F = Experience gained in this place divided by the number of levels of this place that you have seen.
                   A       B       C       D       E      F
               +-------+-------+-------+-------+-------+----------------------
         Total | 100.0 | 100.0 | 100.0 | 100.0 | 100.0 | 4003.2
       Dungeon |  59.2 |  58.7 | 100.0 | 100.0 |  44.9 | 2878.7
          Lair |  24.7 |  25.0 |   0.0 |   0.0 |  40.5 | 6489.5
  Orcish Mines |  16.1 |  16.3 |   0.0 |   0.0 |  14.5 | 6979.0
               +-------+-------+-------+-------+-------+----------------------

Table legend: (Time is in decaauts)
 A = Elapsed time spent in this place.
 B = Non-inter-level travel time spent in this place.
 C = Inter-level travel time spent in this place.
 D = Time resting spent in this place.
 E = Time spent auto-exploring this place.
 F = Levels seen in this place.
 G = Mean time per level.
                   A        B        C        D        E       F      G
               +--------+--------+--------+--------+--------+-----+--------+
         Total |  42882 |  41325 |   1557 |  15386 |  19345 |  24 | 1786.8 |
       Dungeon |  26486 |  25476 |   1010 |   9176 |  11759 |  15 | 1765.7 |
        Temple |    171 |    153 |     18 |      0 |    149 |   1 |  171.0 |
          Lair |  11600 |  11259 |    341 |   4788 |   5145 |   6 | 1933.3 |
  Orcish Mines |   4623 |   4436 |    187 |   1422 |   2292 |   2 | 2311.5 |
               +--------+--------+--------+--------+--------+-----+--------+

Top non-repeatable levels by time:
     D:8: 4364 daAuts
  Lair:3: 3308 daAuts
   Orc:2: 3082 daAuts
     D:7: 2918 daAuts
    D:11: 2511 daAuts
  Lair:4: 2439 daAuts
    D:12: 2366 daAuts
  Lair:2: 2294 daAuts
    D:13: 2084 daAuts
  Lair:5: 2028 daAuts
    D:10: 2013 daAuts
     D:9: 1576 daAuts
   Orc:1: 1541 daAuts
     D:6: 1490 daAuts
  Lair:1: 1416 daAuts
